 Dungeon Crawl Stone Soup version 0.23.2-33-g5129a83184 (webtiles) character file.

Game seed: 9636722994970913227

2979 lepoulpe303 the Reanimator (level 9, 0/71 HPs)
             Began as a Demonspawn Necromancer on July 5, 2019.
             Slain by a hog (10 damage)
             ... on level 7 of the Dungeon.
             The game lasted 00:51:29 (9695 turns).

lepoulpe303 the Reanimator (Demonspawn Necromancer) Turns: 9695, Time: 00:51:29

Health: 0/71       AC:  9    Str:  8    XL:     9   Next: 53%
Magic:  5/15       EV: 19    Int: 21    God:
Gold:   150        SH:  0    Dex: 13    Spells: 4/16 levels left

rFire    . . .     SeeInvis .   f - +0 whip (vamp) {!w}
rCold    + . .     Gourm    .   (no shield)
rNeg     . . .     Faith    .   b - +3 leather armour {rC+} {rC+}
rPois    +         Spirit   .   (helmet restricted)
rElec    .         Reflect  .   x - +2 cloak
rCorr    .         Harm     .   (no gloves)
MR       .....                  (no boots)
Stlth    +++.......             (no amulet)
HPRegen  0.21/turn              P - ring of poison resistance
MPRegen  0.14/turn              C - +3 ring of evasion

@: no status effects
A: antennae 1, repulsion field 2, powered by death 2, rot immunity
a: no special abilities


You were on level 7 of the Dungeon.
You were not hungry.

You visited 1 branch of the dungeon, and saw 7 of its levels.
You also visited: Sewer.

You collected 314 gold pieces.
You spent 164 gold pieces at shops.

Inventory:

Hand Weapons
 f - a +0 vampiric whip (weapon) {!w}
 o - the +9 mace "Anosta" {drain, rN+ Str+2 Int-3 Dex+4, unknown}
   (You found it on level 6 of the Dungeon)

   A truly terrible weapon, it drains the life of those it strikes.
   It affects your strength (+2).
   It affects your intelligence (-3).
   It affects your dexterity (+4).
   It protects you from negative energy.
 F - a +0 blowgun
Missiles
 q - 23 poisoned needles
 s - 4 curare-tipped needles
 A - 11 tomahawks (quivered)
 G - 4 needles of sleeping
 Q - 246 stones
Armour
 b - a +3 leather armour of cold resistance (worn) {rC+}
 x - a +2 cloak (worn)
Jewellery
 C - a +3 ring of evasion (right hand)
 K - an uncursed amulet of the gourmand {unknown}
 P - a ring of poison resistance (left hand)
Scrolls
 g - a scroll of fear
 i - 4 scrolls of identify
 k - 4 scrolls of magic mapping {!r}
 m - a scroll of fog {unknown}
 n - a scroll of enchant armour
 t - 3 scrolls of teleportation
 w - a scroll of remove curse
 y - a scroll of noise {unknown}
 z - a scroll of amnesia {unknown}
 B - a scroll of immolation {!r}
 E - 2 scrolls of blinking {!r}
Potions
 a - a potion of ambrosia {unknown}
 c - 3 potions of curing {unknown}
 d - 2 potions of cancellation {unknown}
 h - a potion of magic {unknown}
 j - 3 potions of might {unknown}
 l - 7 potions of heal wounds
 p - 4 potions of agility {unknown}
 r - 3 potions of flight
 u - a potion of brilliance {unknown}
 v - a potion of haste {unknown}
 D - 2 potions of lignification {unknown}
 H - a potion of degeneration {unknown}
 I - 2 potions of berserk rage {unknown}
Comestibles
 e - 4 rations
 J - 7 chunks of flesh


   Skills:
 * Level 6.4 Fighting
 + Level 3.2 Maces & Flails
 + Level 3.3 Armour
 + Level 4.4 Dodging
 + Level 4.8 Stealth
 + Level 4.4 Spellcasting
 * Level 8.4 Necromancy


You had 4 spell levels left.
You knew the following spells:

 Your Spells              Type           Power        Failure   Level  Hunger
a - Pain                  Necr           ####         1%          1    None
b - Animate Dead          Necr           N/A          4%          4    ####...
r - Regeneration          Chrm/Necr      ###.......   9%          3    ##.....
x - Vampiric Draining     Necr           #####.....   1%          3    ##.....
A - Animate Skeleton      Necr           N/A          1%          1    None

Your spell library contained the following spells:

 Spells                   Type           Power        Failure   Level  Hunger


Dungeon Overview and Level Annotations

Branches:
Dungeon (7/15)
 Temple: D:4-7

Altars:
Qazlal
Trog

Shops:
D:6 ?


Innate Abilities, Weirdness & Mutations

You have a pair of small antennae on your head.
You are surrounded by a moderate repulsion field. (EV +3)
You regenerate health from kills.
You are immune to rotting.


Message History

The hog closely misses you. The hog misses you.
Aim: a hog (moderately wounded)
You feel life coursing into your body. The hog bites you.
* * * LOW HITPOINT WARNING * * *
You now have 6/15 mp.
The hog bites you but does no damage. The hog bites you!
* * * LOW HITPOINT WARNING * * *
You take 9 damage, and have 16/71 hp.
The hog barely misses you. The hog bites you!
* * * LOW HITPOINT WARNING * * *
You take 12 damage, and have 5/71 hp.
The hog misses you.
Aim: a hog (heavily wounded)
You feel life coursing into your body.
* * * LOW MAGIC WARNING * * *
The hog bites you!
You die...

##...##
#..#.######## ##.##
#..#.## #.#
#.....##
#.########......#
#.........Y.....#
##########......###
#Y........#####
#h#######....Z#####
#.@..#....###......
####.#.######{..###
#.#.####.Z..#.#
#.......Z..#.## ###
##.#####Z##.##
##.## #.# #Z####
##Z#.###.#####.#
##.###.##..Z..Z.#
########Z##
##.#..######


You could see a yak and a hog.

Levels and vault maps discovered:
D:1:      arrival_zaba_pyramid, layout_basic
D:2:      layout_rooms, tgw_trog, first_ration, chequers_ecumenical_altar_simple
D:3:      layout_basic, portal_sewer_entry_f, minmay_circle_x
D:4:      minmay_wonky_spiral, layout_basic, uniq_ijyb
D:5:      layout_cave_pools, kennysheep_mini, uniq_duvessa,
          uniq_crazy_yiuf_cottage, uniq_pikel
D:6:      layout_basic, nicolae_overflow_hidden_temple, serial_shops,
          nicolae_shop_waterfront
D:7:      layout_loops_ring, lemuel_crystal_altar, temple_hall, grunt_livestock
Sewer:    sewer_minmay_treatment

Notes
Turn   | Place    | Note
-------+----------+-------------------------------------------
     0 | D:1      | lepoulpe303 the Demonspawn Necromancer began the quest for
                  | the Orb.
     0 | D:1      | Reached XP level 1. HP: 13/13 MP: 3/3
     6 | D:1      | Identified a +0 dagger
    34 | D:1      | lepoulpe303: !whichgod dsne
    34 | D:1      | meem: 42 recent wins for dsne: 23x Kikubaaqudgha, 2x Gozag,
                  | 2x Okawaru, 2x Dithmenos, 2x Ashenzari, 2x Hepliaklqana, 2x
                  | Makhleb, Yredelemnul, Cheibriados, Nemelex Xobeh, Trog,
                  | Vehumet, Wu Jian, Xom
   120 | D:1      | Gained mutation: You regenerate a little health from kills.
                  | [demonic ancestry]
   120 | D:1      | Reached XP level 2. HP: 19/20 MP: 3/5
   123 | D:1      | Identified a +0 club
   194 | D:1      | Identified a +0 club
   222 | D:1      | Reached skill level 2 in Stealth
   316 | D:1      | Reached skill level 2 in Dodging
   399 | D:1      | Identified a +0 club
   406 | D:1      | Reached skill level 1 in Fighting
   431 | D:1      | Identified a cursed -3 club
   651 | D:1      | Identified a +0 whip
   691 | D:1      | Identified a +0 short sword
   691 | D:1      | Identified a +0 club
   743 | D:1      | Reached XP level 3. HP: 26/26 MP: 4/6
   746 | D:1      | Learned a level 1 spell: Animate Skeleton
   750 | D:1      | Learned a level 3 spell: Vampiric Draining
   848 | D:1      | Identified a +0 vampiric whip {!w} (You found it on level 1
                  | of the Dungeon)
  1036 | D:2      | You fall through a shaft for 2 floors!
  1130 | D:4      | Identified a +0 giant club
  1130 | D:4      | Noticed an ogre
  1149 | D:4      | Killed an ogre
  1149 | D:4      | Reached skill level 2 in Fighting
  1149 | D:4      | Reached skill level 5 in Necromancy
  1149 | D:4      | Gained mutation: You regenerate health from kills. [demonic
                  | ancestry]
  1149 | D:4      | Reached XP level 4. HP: 13/34 MP: 0/7
  1149 | D:4      | Gained mutation: You are surrounded by a mild repulsion
                  | field. (EV +2) [demonic ancestry]
  1149 | D:4      | Reached XP level 5. HP: 15/39 MP: 0/8
  1228 | D:4      | Learned a level 3 spell: Regeneration
  1286 | D:4      | Identified a +0 giant club
  1286 | D:4      | Noticed an ogre
  1298 | D:4      | Killed an ogre
  1322 | D:4      | Identified a +0 leather armour
  1322 | D:4      | Noticed Ijyb
  1579 | D:3      | Identified a +0 club
  1600 | D:3      | Identified a +0 flail
  1606 | D:3      | Identified a +0 club
  1606 | D:3      | Identified a +2 leather armour of cold resistance
  1607 | D:3      | Identified a +0 hand axe
  1609 | D:3      | Identified a +0 club
  1623 | D:3      | Identified a +0 spear
  1661 | D:3      | Identified a +0 spear
  1663 | D:3      | Identified a +0 spear
  1665 | D:3      | Identified a +0 spear
  1665 | D:3      | Identified a +0 ring mail
  1686 | D:3      | Identified a +0 club
  1686 | D:3      | Identified a +0 dagger
  1687 | D:3      | Identified a +0 flail
  1702 | D:3      | Found a glowing drain.
  1711 | Sewer    | Entered a sewer
  1923 | Sewer    | Identified a +0 whip
  1923 | Sewer    | Identified a +0 blowgun
  2010 | Sewer    | Identified a +0 short sword
  2154 | Sewer    | Reached skill level 3 in Fighting
  2155 | Sewer    | Gained mutation: You have a pair of small antennae on your
                  | head. [demonic ancestry]
  2155 | Sewer    | Reached XP level 6. HP: 38/47 MP: 3/10
  2267 | Sewer    | Identified a +0 dagger
  2267 | Sewer    | Identified a +0 short sword
  2267 | Sewer    | Identified a +0 club
  2267 | Sewer    | Identified a +0 blowgun
  2428 | Sewer    | Identified a +3 dagger
  2428 | Sewer    | Identified a cursed -1 dagger
  2428 | Sewer    | Identified a +0 club
  2451 | Sewer    | Reached skill level 3 in Stealth
  2489 | Sewer    | Reached skill level 1 in Armour
  2489 | Sewer    | Reached skill level 3 in Spellcasting
  2489 | Sewer    | Reached skill level 6 in Necromancy
  2500 | Sewer    | Identified 2 scrolls of identify
  2500 | Sewer    | Identified a ring of poison resistance (You found it on
                  | level 1 of the Dungeon)
  2682 | Sewer    | Identified 2 scrolls of magic mapping
  2683 | Sewer    | Identified 2 scrolls of teleportation
  2688 | Sewer    | Identified 2 potions of flight
  2725 | D:3      | Identified a +0 club
  2831 | D:2      | Identified a +0 club
  2949 | D:2      | Identified a +0 whip
  2952 | D:2      | Identified a +0 spear
  2971 | D:2      | Gained mutation: You are immune to rotting. [demonic
                  | ancestry]
  2971 | D:2      | Reached XP level 7. HP: 44/52 MP: 7/11
  2995 | D:2      | Found a faded altar of an unknown god.
  2997 | D:2      | Identified a +0 dagger
  3024 | D:2      | Identified a +0 short sword
  3066 | D:2      | Learned a level 4 spell: Animate Dead
  3076 | D:2      | Identified a +0 dagger
  3178 | D:2      | Identified a +0 short sword
  3191 | D:2      | Identified a +1 cloak (You found it on level 2 of the
                  | Dungeon)
  3207 | D:2      | Identified a +0 short sword
  3412 | D:2      | Noticed a moth of wrath
  3415 | D:2      | Found a bloodstained altar of Trog.
  4003 | D:2      | Reached skill level 3 in Dodging
  4221 | D:3      | Identified a +0 hand axe
  4221 | D:3      | Identified a cursed +0 leather armour
  4221 | D:3      | Identified a +0 chain mail
  4249 | D:3      | Identified a +0 whip
  4249 | D:3      | Identified a +0 ring mail
  4289 | D:3      | Reached skill level 4 in Fighting
  4580 | D:3      | Identified a +0 falchion
  4580 | D:3      | Identified a cursed +0 leather armour
  4592 | D:3      | Identified a +3 ring of evasion
  4593 | D:3      | Reached skill level 1 in Maces & Flails
  4709 | D:3      | Identified a +0 dagger
  4709 | D:3      | Identified a +0 leather armour
  4710 | D:3      | Identified a +0 hand axe
  4811 | D:3      | Identified a +0 dagger
  4965 | D:3      | Identified a +0 club
  4992 | D:3      | Identified a cursed -3 dagger
  4992 | D:3      | Identified a +0 robe
  4992 | D:3      | Identified a +0 dagger
  4992 | D:3      | Identified a +0 leather armour
  4993 | D:3      | Identified a +0 flail
  5120 | D:4      | Identified a cursed -2 falchion
  5120 | D:4      | Identified a +0 ring mail
  5121 | D:4      | Identified a +0 dagger
  5121 | D:4      | Identified a +0 robe
  5156 | D:4      | Identified a +0 flail
  5246 | D:4      | Reached skill level 2 in Armour
  5246 | D:4      | Gained mutation: You are surrounded by a moderate repulsion
                  | field. (EV +3) [demonic ancestry]
  5246 | D:4      | Reached XP level 8. HP: 40/61 MP: 13/13
  5393 | D:4      | Identified a +0 mace
  5395 | D:4      | Identified a +0 short sword
  5395 | D:4      | Identified a +0 mace
  5395 | D:4      | Identified a +0 short sword
  5395 | D:4      | Identified a +0 hand axe
  5725 | D:5      | Entered Level 5 of the Dungeon
  5738 | D:5      | Identified a +0 leather armour
  5743 | D:5      | Identified a +0 club
  5769 | D:3      | HP: 7/61 [acid (11)]
  6071 | D:4      | Killed Ijyb
  6106 | D:5      | Identified a +0 whip
  6106 | D:5      | Identified a +0 leather armour
  6109 | D:5      | Identified a +0 dagger
  6109 | D:5      | Identified a +0 leather armour
  6110 | D:5      | Reached skill level 7 in Necromancy
  6110 | D:5      | Identified a +0 dagger
  6110 | D:5      | Identified a +0 robe
  6499 | D:5      | Reached skill level 5 in Fighting
  6575 | D:5      | Identified a +0 hand axe
  6575 | D:5      | Identified a +0 leather armour
  6583 | D:5      | Reached skill level 2 in Maces & Flails
  6601 | D:5      | Identified a +0 whip
  6601 | D:5      | Identified a +0 dagger
  6605 | D:5      | Identified a +0 mace
  6606 | D:5      | Identified a +0 animal skin
  6607 | D:5      | Identified a +0 animal skin
  6607 | D:5      | Identified a +0 animal skin
  6622 | D:5      | Found a stormy altar of Qazlal.
  6630 | D:5      | Identified a +2 whip of flaming
  6630 | D:5      | Identified a +0 robe of cold resistance
  6630 | D:5      | Noticed Pikel
  6639 | D:5      | Identified a +0 animal skin
  6663 | D:5      | Identified a +0 short sword
  6663 | D:5      | Identified a +0 ring mail
  6663 | D:5      | Noticed Duvessa
  6671 | D:5      | Identified a +0 dagger
  6671 | D:5      | Identified a +0 robe
  6671 | D:5      | Noticed Dowan
  6699 | D:5      | HP: 15/62 [Pikel/+2 whip of flaming (1)]
  6700 | D:5      | Killed Pikel
  6700 | D:5      | Reached skill level 4 in Stealth
  6979 | D:4      | Reached skill level 4 in Dodging
  6979 | D:4      | Reached skill level 4 in Spellcasting
  7036 | D:5      | Killed Dowan
  7047 | D:5      | HP: 14/63 [Duvessa/+0 short sword (7)]
  7048 | D:5      | Killed Duvessa
  7048 | D:5      | Reached XP level 9. HP: 15/68 MP: 2/15
  7326 | D:5      | Identified a +0 flail
  7347 | D:5      | HP: 16/69 [hornet zombie (9)]
  7347 | D:5      | HP: 6/69 [hornet zombie (10)]
  7361 | D:5      | HP: 7/69 [hornet zombie (1)]
  7374 | D:5      | HP: 4/69 [hornet zombie (5)]
  7381 | D:5      | HP: 4/69 [hornet zombie (1)]
  7382 | D:5      | HP: 1/69 [hornet zombie (3)]
  7384 | D:5      | Identified 8 potions of heal wounds
  7390 | D:5      | You fall through a shaft!
  7651 | D:6      | Identified a +0 dagger
  7651 | D:6      | Identified a +0 robe
  7651 | D:6      | Identified a +0 dagger
  7651 | D:6      | Identified a +0 robe
  7651 | D:6      | Identified a +0 flail
  7651 | D:6      | Identified a cursed +0 leather armour
  7667 | D:6      | Identified a +0 whip
  8012 | D:5      | Found a runed translucent door.
  8013 | D:5      | Identified a +3 quarterstaff of chaos
  8013 | D:5      | Identified a +0 cloak
  8013 | D:5      | Noticed Crazy Yiuf
  8020 | D:5      | Killed Crazy Yiuf
  8020 | D:5      | Reached skill level 3 in Armour
  8367 | D:5      | Identified a +0 war axe
  8367 | D:5      | Identified a +0 chain mail
  8369 | D:5      | Identified a +0 war axe
  8369 | D:5      | Identified a +0 leather armour
  8555 | D:6      | Identified a +0 spear
  8555 | D:6      | Identified a +0 spear
  8629 | D:6      | Identified a +0 whip
  8695 | D:6      | Found Vushrutt's Magic Scroll Shop.
  8711 | D:6      | Bought a scroll of enchant armour for 82 gold pieces
  8711 | D:6      | Bought a scroll of blinking for 82 gold pieces
  8713 | D:6      | Identified 2 scrolls of immolation
  8714 | D:6      | Identified 2 scrolls of random uselessness
  8716 | D:6      | Identified 2 scrolls of fear
  8717 | D:6      | Identified 2 scrolls of remove curse
  8782 | D:6      | Got a brightly glowing mace
  8821 | D:6      | Reached skill level 8 in Necromancy
  9084 | D:6      | Reached skill level 6 in Fighting
  9419 | D:7      | Identified a +0 club
  9481 | D:7      | Identified a cursed -3 giant club
  9490 | D:7      | Reached skill level 3 in Maces & Flails
  9626 | D:7      | Identified a +0 hand axe
  9626 | D:7      | Identified a +0 animal skin
  9683 | D:7      | HP: 16/71 [hog (10)]
  9690 | D:7      | HP: 5/71 [hog (12)]
  9695 | D:7      | Slain by a hog

Table legend:
 A = Turns spent in this place as a percentage of turns spent in the entire game.
 B = Non-inter-level travel turns spent in this place as a percentage of non-inter-level travel turns spent in the entire game.
 C = Inter-level travel turns spent in this place as a percentage of turns spent in this place.
 D = Turns resting spent in this place as a percentage of non-inter-level travel turns spent in this place.
 E = Turns spent auto-exploring this place as a percentage of non-inter-level travel turns spent in this place.
 F = Non-inter-level travel turns spent in this place divided by the number of levels of this place that you've seen.
                   A       B       C       D       E      F
               +-------+-------+-------+-------+-------+----------------------
         Total | 100.0 | 100.0 |   2.2 |  26.8 |  35.8 | 1184.6
       Dungeon |  89.7 |  89.4 |   2.5 |  27.2 |  36.4 | 1210.7
         Sewer |  10.3 |  10.6 |   0.0 |  23.4 |  31.0 | 1002.0
               +-------+-------+-------+-------+-------+----------------------

Table legend:
 A = Kills in this place as a percentage of kills in entire the game.
 B = Kills by you in this place as a percentage of kills by you in the entire game.
 C = Kills by friends in this place as a percentage of kills by friends in the entire game.
 D = Other kills in this place as a percentage of other kills in the entire game.
 E = Experience gained in this place as a percentage of experience gained in the entire game.
 F = Experience gained in this place divided by the number of levels of this place that you have seen.
                   A       B       C       D       E      F
               +-------+-------+-------+-------+-------+----------------------
         Total | 100.0 | 100.0 | 100.0 | 100.0 | 100.0 | 532.0
       Dungeon |  79.0 |  79.9 |  72.7 | 100.0 |  91.6 | 557.0
         Sewer |  21.0 |  20.1 |  27.3 |   0.0 |   8.4 | 357.0
               +-------+-------+-------+-------+-------+----------------------

Skill      XL: |  1  2  3  4  5  6  7  8  9 |
---------------+----------------------------+-----
Stealth        | 2 3 4 |  4.8
Dodging        | 2 3 4 |  4.4
Fighting       | 1 2 3 4 5 6 |  6.4
Necromancy     | 5 6 7 8 |  8.4
Armour         | 1 2 3 |  3.3
Spellcasting   | 3 4 |  4.4
Maces & Flails | 1 2 3 |  3.2

Action                   |  1- 3 |  4- 6 |  7- 9 || total
-------------------------+-------+-------+-------++-------
Melee: Unarmed           |     2 |       |       ||     2
       Whip              |    10 |   255 |   938 ||  1203
Throw: Stone             |       |       |     5 ||     5
       Tomahawk          |       |       |    17 ||    17
 Cast: Pain              |    47 |    55 |   164 ||   266
       Animate Skeleton  |       |    19 |     3 ||    22
       Vampiric Draining |       |     2 |     7 ||     9
       Animate Dead      |       |       |    20 ||    20
Evoke: Wand              |       |       |     6 ||     6
  Use: Scroll            |       |     5 |     7 ||    12
       Potion            |       |       |     1 ||     1
 Stab: Sleeping          |     1 |     2 |     1 ||     4
       Distracted        |       |       |     5 ||     5
  Eat: Ration            |     2 |     1 |     4 ||     7
       Chunk             |       |     2 |    16 ||    18
Armor: Robe              |     8 |    22 |       ||    30
       Leather armour    |       |    20 |   245 ||   265
Dodge: Dodged            |    24 |   292 |   804 ||  1120

Vanquished Creatures
  Pikel (D:5)
  2 hogs (D:7)
  Duvessa (D:5)
  A slave (D:5)
  2 ice beasts
  2 ogres (D:4)
  2 phantoms (D:4)
  A sky beast (D:5)
  2 big kobolds (Sewer)
  A bullfrog (D:7)
  A gnoll sergeant (D:3)
  4 howler monkeys
  2 jellies
  Crazy Yiuf (D:5)
  A centaur skeleton (D:6)
  7 orc priests
  A hound (D:6)
  2 iguanas
  5 orc wizards
  A bullfrog skeleton (D:5)
  Ijyb (D:4)
  4 worker ants
  5 gnolls
  6 adders
  4 river rats (Sewer)
  A shadow imp (D:5)
  2 oozes
  7 worms
  2 dart slugs
  3 leopard geckos
  27 orcs
  3 ball pythons (Sewer)
  10 giant cockroaches
  4 goblins
  13 hobgoblins
  3 jackals (D:5)
  21 kobolds
  3 quokkas
  4 bats
  7 frilled lizards
  A jackal skeleton (D:5)
  A quokka zombie (D:5)
  23 rats
195 creatures vanquished.

Vanquished Creatures (collateral kills)
  A human (D:7)
  An ogre (D:7)
  An orc priest (D:3)
  A worker ant (D:7)
  A hound skeleton (D:4)
  5 gnolls
  2 adders (Sewer)
  A worm (D:2)
  3 orcs
  A bat (D:2)
  A giant cockroach (D:3)
  A hobgoblin (D:3)
  A jackal (D:5)
  A quokka (D:7)
  A frilled lizard (D:2)
  A goblin (D:3)
  3 kobolds
  A quokka zombie (D:7)
  6 rats (Sewer)
33 creatures vanquished.

Vanquished Creatures (others)
  A slave (D:5)
  A hornet zombie (D:5)
  Dowan (D:5)
  A crimson imp (D:5)
  A worker ant (D:5)
  A shadow imp (D:5)
  A quokka (D:5)
7 creatures vanquished.

Grand Total: 235 creatures vanquished
